 Dungeon Crawl Stone Soup version 0.27-a0-1555-g0e7b3fb1d2 (webtiles) character file.

Game seed: 13187642980292381744

6 lunkers the Ruffian (level 1, 0/17 HPs)
             Began as a Ghoul Warper on July 14, 2021.
             Slain by a ball python (1 damage)
             ... on level 1 of the Dungeon.
             The game lasted 00:00:19 (157 turns).

lunkers the Ruffian (Ghoul Warper)                   Turns: 157, Time: 00:00:20

Health: 0/17       AC:  3    Str: 14    XL:     1   Next: 90%
Magic:  2/2        EV:  8    Int:  8    God:
Gold:   0          SH:  0    Dex:  8    Spells: 3/3 levels left

rFire    . . .     SeeInvis .     - Unarmed
rCold    + . .     Faith    .   (no shield)
rNeg     + + +     Spirit   .   a - +0 leather armour
rPois    ∞         Reflect  .   (no helmet)
rElec    .         Harm     .   (no cloak)
rCorr    .         Rampage  .   (no gloves)
Will     .....                  (no boots)
Stlth    +.........             (no amulet)
HPRegen  0.00/turn              (no ring)
MPRegen  0.08/turn              (no ring)

@: constricted
A: claws 1, cold resistance 1, negative energy resistance 3, inhibited
regeneration, torment resistance 2
a: no special abilities


You were on level 1 of the Dungeon.
You visited 1 branch of the dungeon, and saw 1 of its levels.

Inventory:

Missiles
 c - 5 boomerangs of dispersal
Armour
 a - a +0 leather armour (worn)
Scrolls
 b - a scroll of blinking
 d - a scroll of vulnerability {unknown}


   Skills:
 - Level 2.1 Fighting
 - Level 0.8 Throwing
 - Level 0.8 Armour
 - Level 1.7 Dodging
 * Level 2.9 Unarmed Combat
 - Level 1.7 Spellcasting
 - Level 2.6 Translocations


You had 3 spell levels left.
You didn't know any spells.
Your spell library contained the following spells:

 Spells                   Type           Power      Damage    Failure   Level
 Blink                    Tloc           N/A        N/A       22%         2
 Gell's Gravitas          Tloc           2%         N/A       41%         3
 Lesser Beckoning         Tloc           2%         N/A       41%         3
 Teleport Other           Tloc           5%         N/A       41%         3
 Passwall                 Tmut/Erth      0%         N/A       56%         2
 Swiftness                Air            0%         N/A       80%         3
 Manifold Assault         Tloc           5%         N/A       99%         5
 Invisibility             Hex            0%         N/A       100%        6


Dungeon Overview and Level Annotations

Branches:
Dungeon (1/15)

Altars:


Innate Abilities, Weirdness & Mutations

You thrive by killing the living.
You are immune to poison.
You have sharp fingernails.
Your flesh is cold resistant. (rC+)
You are immune to negative energy. (rN+++)
You do not regenerate when monsters are visible.
You are immune to unholy pain and torment.


Message History

* * * LOW HITPOINT WARNING * * *
You escape the ball python's grasp.
The bat hits you but does no damage.
A quokka comes into view.
The ball python misses you. The ball python barely misses you.
The quokka bites you.
* * * LOW HITPOINT WARNING * * *
The quokka moves out of view.
There is an open door here.
You scratch the rat.
You kill the rat!
You closely miss the quokka. The quokka bites you.
* * * LOW HITPOINT WARNING * * *
Unknown command.
You scratch the quokka.
You kill the quokka!
You feel better.
A hobgoblin comes into view.
The hobgoblin shouts!
You scratch the rat.
You kill the rat!
You scratch the endoplasm.
You kill the endoplasm!
You scratch the ball python.
The ball python is severely wounded.
The ball python barely misses you. x2
You barely miss the ball python.
The ball python is severely wounded.
The ball python bites you.
* * * LOW HITPOINT WARNING * * *
The ball python grabs you. The ball python constricts you.
A giant cockroach comes into view.
You barely miss the ball python.
The ball python is severely wounded.
The ball python bites you but does no damage.
* * * LOW HITPOINT WARNING * * *
The ball python constricts you.
You barely miss the ball python.
The ball python is severely wounded.
The ball python barely misses you.
You die...

#... ........... #.##
..........# #.##
.#........# #.##
..........# #.## .#.....b..
#.## ......... #.##
.###.B..################.##
>......gbS@......†.......##
.###....#######.##..##.####
#....# #.###.##..# # #....#
###'###+###+### #....#
#.............# ...####
#.8.⌠⌠⌠(⌠⌠⌠.8.# ....
#.............# ....
#≈≈≈≈≈≈≈≈≈≈≈≈≈#
#≈≈≈≈≈≈≈≈≈≈≈≈≈#


You could see a giant cockroach, a hobgoblin, a bat and a ball python.

Vanquished Creatures
  2 endoplasms (D:1)
  A quokka (D:1)
  A ball python (D:1)
  2 rats (D:1)
6 creatures vanquished.

Notes
Turn   | Place    | Note
-------+----------+-------------------------------------------
     0 | D:1      | lunkers the Ghoul Warper began the quest for the Orb.
     0 | D:1      | Reached XP level 1. HP: 17/17 MP: 2/2
   157 | D:1      | Slain by a ball python

Illustrated notes

Levels and vault maps discovered:
D:1:      zaba_arrival_water, layout_basic

Action                   || total
-------------------------++-------
Melee: Unarmed           ||    13
Armor: Leather armour    ||     5
Dodge: Dodged            ||    10

Table legend: (Time is in decaauts)
 A = Elapsed time spent in this place.
 B = Non-inter-level travel time spent in this place.
 C = Inter-level travel time spent in this place.
 D = Time resting spent in this place.
 E = Time spent auto-exploring this place.
 F = Levels seen in this place.
 G = Mean time per level.
                   A        B        C        D        E       F      G
               +--------+--------+--------+--------+--------+-----+--------+
         Total |    162 |    162 |      0 |      0 |    138 |   1 |  162.0 |
       Dungeon |    162 |    162 |      0 |      0 |    138 |   1 |  162.0 |
               +--------+--------+--------+--------+--------+-----+--------+

Top non-repeatable levels by time:
     D:1: 162 daAuts
